AoeStats
← [Massa] Edo

Lombardia

508794594Analyzed
2v2 RM · 6d ago on Sep 24, 2026· 71m 47s· 4 players
Game mode
Random Map
Map size
Medium (4 player)
Population
200
Speed
Normal
Resources
Standard
Victory
Conquest
Starting age
Dark Age
Ending age
Imperial Age
RankedLock teamsTeams togetherTeam positionsShared explorationLock speedFull tech treeHidden civsTurbo modeCheats
Victory
Defeat
🇧🇷 Tatars · Brazil
1432
+14
🇧🇷 Magyars · Brazil
1416
+15
🇦🇷 Ethiopians · Argentina
1481
-18
🇦🇷 Huns · Argentina
1305
-11
LVA - Gleich
11:22 Feudal Age
12:03 Double-Bit Axe
12:31 Loom
14:56 Castle Age
15:01 Fletching
15:20 Crossbowman
21:20 Padded Archer Armor
21:36 Bodkin Arrow
24:23 Squires
24:09 Arson
25:16 Ballistics
25:26 Forging
25:16 Scale Mail Armor
26:59 Thumb Ring
27:30 Bow Saw
29:05 Leather Archer Armor
32:39 Gold Mining
36:28 Wheelbarrow
36:35 Chain Mail Armor
40:43 Imperial Age
39:36 Gold Shaft Mining
38:52 Stone Mining
38:57 Town Watch
40:26 Horse Collar
41:33 Hand Cart
40:43 Arbalester
41:41 Bracer
44:02 Ring Archer Armor
44:03 Plate Mail Armor
45:48 Chemistry
44:59 Masonry
45:28 Halberdier
47:29 Iron Casting
50:04 Stone Shaft Mining
NOYSIBOY
6:06 Loom
9:05 Feudal Age
9:33 Double-Bit Axe
9:46 Horse Collar
21:23 Castle Age
19:18 Gold Mining
19:58 Arson
21:43 Fletching
21:39 Pikeman
24:47 Bodkin Arrow
27:23 Padded Archer Armor
29:53 Town Watch
30:13 Husbandry
38:10 Bloodlines
42:21 Town Watch
43:11 Wheelbarrow
43:11 Squires
44:33 Elite Skirmisher
49:40 Imperial Age
50:09 Halberdier
50:50 Scale Mail Armor
51:01 Forging
51:14 Conscription
52:47 Chain Mail Armor
53:50 Capped Ram
54:53 Light Cavalry
55:49 Scale Barding Armor
[Massa] Edo
6:16 Loom
9:26 Feudal Age
12:21 Horse Collar
18:44 Wheelbarrow
22:20 Castle Age
20:18 Double-Bit Axe
20:25 Gold Mining
20:48 Scale Barding Armor
21:22 Bloodlines
22:22 Light Cavalry
23:31 Chain Barding Armor
25:41 Bow Saw
27:31 Husbandry
28:33 Heavy Plow
39:21 Imperial Age
38:42 Gold Shaft Mining
38:53 Hand Cart
39:23 Cavalier
40:25 Conscription
41:05 Plate Barding Armor
40:32 Hussar
40:44 Paladin
44:27 Fletching
45:16 Ballistics
45:10 Bodkin Arrow
45:24 Siege Engineers
45:17 Murder Holes
46:23 Chemistry
48:45 Bracer
48:27 Treadmill Crane
48:58 Masonry
48:40 Stone Mining
51:26 Padded Archer Armor
51:12 Elite Skirmisher
52:29 Leather Archer Armor
54:11 Ring Archer Armor
53:48 Thumb Ring
60:38 Caravan
tg
6:14 Loom
8:32 Feudal Age
9:06 Double-Bit Axe
19:16 Castle Age
19:23 Bloodlines
18:56 Horse Collar
19:08 Gold Mining
19:19 Fletching
20:00 Bodkin Arrow
23:31 Padded Archer Armor
28:26 Ballistics
33:53 Bow Saw
38:06 Husbandry
38:46 Gold Shaft Mining
40:45 Wheelbarrow
43:03 Imperial Age
40:59 Heavy Plow
41:07 Crossbowman
43:58 Wheelbarrow
43:08 Town Watch
43:14 Stone Mining
43:44 Bracer
44:00 Leather Archer Armor
43:08 Capped Ram
45:57 Chemistry
45:52 Ring Archer Armor
46:41 Crop Rotation
47:10 Heavy Cavalry Archer
Connection lost

Rejoining the realm…

Still unreachable

The connection could not be restored.

Session expired

The server has moved on; the page needs a fresh start.